Map: Goldenaura LE

Players

ModestMoreno - Winner!

  • Race: Zerg Zerg
  • League: Platinum
  • Spawn Location: 12:00

ARMIN

  • Race: Zerg Zerg
  • League: Platinum
  • Spawn Location: 5:00

VOD

Have the link to the VOD?

Description

Time

  • Played on: April 8, 2024, 4:54 a.m.
  • Length: 44:15
Show
View Real Time Build Order
Export as new Build Order

ModestMoreno Zerg - Winner!

Build Orders: Hatch First 

Get SALT Encoding   

  12  0:01  Drone  
  13  0:12  Overlord  
  13  0:19  Drone  
  14  0:30  Drone x2  
  16  0:40  Drone  
  17  0:54  Hatchery  
  16  0:59  Drone  
  16  1:01  Drone  
  18  1:18  Spawning Pool  
  18  1:21  Extractor  
  18  1:22  Drone  
  17  1:27  Drone  
  17  1:55  Drone x2  
  19  2:04  Queen  
  19  2:06  Zergling x4  
  23  2:09  Zergling x2  
  26  2:22  Spine Crawler  
  25  2:29  Spine Crawler  
  24  2:33  Zergling x2  
  24  2:34  Zergling x2  
  24  2:39  Overlord  
  24  2:40  Zergling x6  
  27  2:52  Baneling Nest  
  27  2:54  Evolution Chamber  
  25  2:58  Zergling x2  
  25  3:03  Overlord  
  24  3:19  Zergling x2  
  26  3:20  Zergling x6  
  28  3:30  Zerg Melee Weapons Level 1  
  28  3:32  Zergling x2  
  29  3:36  Baneling x2  
  29  3:37  Baneling  
  29  3:42  Zergling x2  
  29  4:00  Zergling x2  
  29  4:01  Zergling x4  
  31  4:06  Overlord  
  31  4:27  Zergling x2  
  31  4:28  Zergling x2  
  31  4:30  Hatchery  
  30  4:55  Baneling x2  
  24  5:01  Zergling x6  
  26  5:10  Zergling x2  
  25  5:18  Zergling x6  
  23  5:29  Zergling x2  
  23  5:30  Baneling  
  23  5:31  Baneling  
  23  5:35  Extractor  
  23  5:39  Drone  
  24  5:44  Queen  
  26  5:50  Metabolic Boost  
  26  6:00  Drone x3  
  28  6:08  Zergling x4  
  30  6:14  Drone  
  27  6:19  Zergling x2  
  27  6:25  Zergling x4  
  26  6:36  Zergling x6  
  29  6:40  Baneling  
  29  6:43  Drone  
  29  6:44  Drone  
  31  6:55  Drone x3  
  34  7:03  Baneling x2  
  34  7:17  Drone x3, Roach Warren  
  34  7:20  Drone  
  37  7:27  Drone x2  
  39  7:38  Evolution Chamber  
  38  7:44  Zergling x6, Evolution Chamber  
  40  7:51  Drone x2  
  40  7:52  Drone  
  43  8:00  Zerg Ground Armor Level 1  
  43  8:14  Drone x3  
  43  8:15  Drone x2  
  48  8:20  Lair  
  48  8:25  Overlord  
  48  8:29  Overlord  
  48  8:38  Drone x2  
  48  8:39  Drone x2  
  48  8:41  Overlord  
  52  8:52  Zerg Missile Weapons Level 1  
  52  8:58  Roach x5  
  61  9:23  Roach x4  
  61  9:24  Roach x4  
  76  9:29  Overlord x2  
  75  9:46  Hatchery  
  75  9:49  Glial Reconstitution  
  74  9:54  Roach x2  
  74  9:55  Extractor, Roach x2  
  81  10:16  Overlord x2  
  81  10:20  Roach x5  
  91  10:23  Overlord  
  91  10:34  Baneling x3  
  91  10:35  Baneling  
  91  10:36  Roach x3  
  87  10:57  Roach x3  
  87  10:58  Roach x3  
  90  11:10  Roach, Hydralisk Den  
  90  11:11  Roach x3  
  93  11:19  Queen  
  93  11:21  Overlord  
  95  11:34  Drone x3  
  95  11:37  Zerg Missile Weapons Level 2  
  98  11:45  Drone x4  
  98  11:46  Extractor  
  101  11:47  Drone x3  
  101  11:52  Drone x3  
  107  11:56  Overlord  
  107  12:10  Overlord x2  
  107  12:13  Grooved Spines  
  107  12:16  Zerg Ground Armor Level 2  
  107  12:23  Infestation Pit  
  107  12:25  Hydralisk  
  108  12:34  Drone x2  
  108  12:35  Drone x2  
  112  12:41  Extractor  
  112  12:42  Extractor  
  110  12:45  Hydralisk x3, Roach x3  
  122  12:53  Overlord x2  
  122  12:58  Drone x3  
  125  12:59  Drone  
  125  13:00  Drone  
  125  13:01  Drone  
  125  13:04  Muscular Augments  
  128  13:17  Zergling x4, Hatchery  
  128  13:18  Zergling x8  
  133  13:28  Zergling x12  
  139  13:36  Drone x2  
  141  13:48  Hydralisk x4  
  141  13:49  Hydralisk x2  
  150  14:04  Hydralisk x2, Roach x5  
  153  14:18  Overseer  
  153  14:22  Pneumatized Carapace, Hive  
  153  14:25  Zerg Melee Weapons Level 2  
  153  14:28  Centrifugal Hooks  
  153  14:30  Overseer, Overlord  
  153  14:31  Overlord  
  153  14:33  Roach x2  
  157  14:43  Drone x2  
  157  14:44  Drone x7  
  166  14:53  Drone x4  
  166  14:55  Overlord  
  170  15:08  Extractor, Queen  
  170  15:10  Extractor  
  170  15:29  Drone x3  
  170  15:30  Drone x3  
  176  15:35  Zerg Missile Weapons Level 3  
  176  15:36  Zerg Ground Armor Level 3  
  176  15:37  Hydralisk x6, Roach x3  
  176  15:39  Roach  
  196  16:08  Hatchery  
  195  16:16  Hatchery  
  194  16:22  Roach  
  194  16:23  Roach x2  
  200  16:43  Extractor  
  199  16:52  Ultralisk Cavern  
  198  16:57  Roach  
  188  17:04  Overseer  
  174  17:18  Overlord x2  
  174  17:19  Overlord  
  174  17:26  Drone x2  
  174  17:27  Drone x2  
  174  17:28  Hydralisk x5, Roach x4  
  196  17:31  Extractor  
  197  17:41  Chitinous Plating  
  195  17:58  Overseer  
  195  17:59  Overlord x3  
  195  18:05  Queen  
  195  18:32  Zerg Melee Weapons Level 3  
  195  18:51  Roach x2  
  182  18:57  Roach x5  
  182  18:58  Ultralisk x2  
  182  19:00  Anabolic Synthesis  
  185  19:12  Ultralisk x2  
  173  19:19  Roach x4, Ultralisk x2  
  173  19:20  Hydralisk x2, Ultralisk  
  173  19:33  Hydralisk x4, Roach x3  
  173  19:34  Hydralisk x5, Roach  
  175  19:43  Hydralisk x4, Roach x5  
  175  19:44  Hydralisk  
  183  19:50  Queen  
  183  19:51  Queen  
  187  20:02  Roach x5  
  175  20:21  Roach x2  
  175  20:22  Roach x3, Ultralisk x2  
  197  20:44  Roach  
  199  20:56  Roach x5  
  199  20:57  Ultralisk x3  
  137  21:08  Roach x3  
  137  21:09  Zergling x2, Roach x5  
  144  21:27  Drone x3  
  144  21:28  Drone  
  144  21:30  Drone x7  
  144  21:31  Drone  
  130  21:40  Roach x3  
  130  22:00  Roach x4, Ultralisk  
  144  22:21  Ultralisk x2  
  150  22:37  Drone  
  150  22:38  Drone x5  
  150  22:39  Drone  
  157  22:48  Roach x3  
  157  22:50  Hatchery  
  112  23:23  Ultralisk x3  
  110  23:28  Roach x4  
  114  23:54  Zergling x8  
  114  23:55  Zergling x8  
  108  24:34  Ultralisk x2  
  106  24:49  Hydralisk, Roach x4  
  106  24:50  Roach x2  
  86  25:12  Overseer x2  
  86  25:13  Overseer  
  86  25:16  Roach x2  
  86  25:18  Drone  
  86  25:19  Drone x6  
  94  25:45  Hydralisk, Roach x4  
  104  25:56  Drone x2  
  106  26:10  Hatchery  
  103  26:15  Drone x10  
  113  26:21  Queen  
  115  26:27  Drone x3  
  115  26:28  Drone  
  119  26:36  Queen  
  121  26:47  Hydralisk, Roach x2  
  121  26:48  Hydralisk, Roach x2  
  127  27:05  Hydralisk x4  
  127  27:06  Roach  
  137  27:21  Hatchery  
  136  27:24  Hydralisk x4, Roach x4  
  152  27:34  Drone x6  
  152  27:35  Drone x4  
  118  27:51  Ultralisk  
  124  28:01  Extractor  
  124  28:02  Extractor  
  124  28:03  Extractor x2  
  124  28:05  Zergling x22  
  125  28:06  Zergling x16  
  127  28:43  Drone x6  
  126  28:54  Queen  
  126  28:55  Extractor  
  127  28:56  Extractor  
  127  28:59  Queen  
  128  29:09  Hydralisk x3, Roach x4  
  138  29:10  Hydralisk, Roach  
  119  29:27  Queen  
  113  29:41  Drone x5  
  113  29:42  Drone x17  
  135  29:51  Drone x8  
  143  29:54  Drone  
  143  29:55  Drone x5  
  125  30:51  Zergling x26  
  125  30:52  Zergling x14  
  125  30:53  Ultralisk  
  151  31:25  Drone x4  
  153  31:26  Drone x5  
  153  31:32  Ultralisk  
  146  31:47  Drone x5  
  146  31:48  Drone  
  144  32:02  Spire  
  143  32:16  Drone  
  143  32:24  Roach x2  
  143  32:25  Roach x2, Ultralisk x2  
  151  32:53  Spire  
  151  32:58  Drone x2  
  152  33:21  Greater Spire  
  152  33:23  Queen  
  154  33:30  Drone x2  
  156  33:36  Queen  
  156  33:40  Drone x3  
  161  33:45  Corruptor  
  161  33:46  Corruptor x8  
  179  33:56  Roach x7  
  193  34:07  Zerg Flyer Weapons Level 1  
  193  34:15  Hatchery  
  193  34:16  Zergling x6  
  193  34:17  Zergling x8  
  199  34:38  Zerg Flyer Armor Level 1  
  193  35:29  Brood Lord x3  
  198  35:46  Burrow  
  198  36:08  Hatchery  
  197  36:15  Zerg Flyer Weapons Level 2  
  139  36:33  Corruptor x5  
  139  36:36  Hydralisk x7, Roach x5  
  139  36:37  Roach  
  139  36:38  Roach x2  
  145  36:41  Brood Lord  
  145  36:42  Brood Lord  
  145  36:43  Hydralisk x3, Roach x3  
  145  36:44  Hydralisk x3, Roach  
  145  36:45  Roach  
  153  36:51  Roach x2  
  154  37:06  Brood Lord  
  154  37:07  Brood Lord  
  154  37:13  Roach x2  
  154  37:14  Roach  
  160  37:26  Corruptor x2  
  141  37:45  Hydralisk x3  
  139  37:53  Roach  
  139  37:54  Roach  
  114  38:12  Roach x3  
  69  38:35  Hydralisk x2  
  55  39:02  Corruptor  
  57  39:10  Drone  
  58  39:20  Drone x2  
  55  39:40  Overseer  
  51  40:01  Hydralisk x2  
  51  40:02  Hydralisk x2  
  57  40:13  Drone x3  
  60  40:27  Spore Crawler  
  53  40:28  Spore Crawler  
  50  40:40  Drone x2  
  48  41:10  Hydralisk  
  50  41:34  Hydralisk x2  
  46  41:59  Hydralisk x2  
  49  42:59  Hydralisk x2  
  53  43:28  Hatchery  
Show
View Real Time Build Order
Export as new Build Order

ARMIN Zerg 

Build Orders: Pool First, Lurkers 

Get SALT Encoding   

  12  0:00  Drone  
  13  0:09  Extractor  
  12  0:26  Spawning Pool  
  11  0:31  Drone  
  11  0:35  Drone  
  13  0:48  Overlord  
  13  0:53  Drone  
  14  1:12  Metabolic Boost  
  14  1:16  Queen  
  16  1:21  Zergling x2  
  16  1:24  Zergling x2  
  18  1:28  Zergling x2  
  19  1:33  Zergling x2  
  20  1:48  Drone  
  21  1:55  Overlord  
  21  2:06  Drone  
  22  2:21  Zergling x2  
  23  2:24  Zergling x2  
  23  2:27  Zergling x2  
  23  2:29  Zergling x4  
  27  2:40  Zergling x2  
  27  2:41  Spine Crawler  
  26  3:06  Drone x2  
  26  3:07  Drone  
  29  3:15  Overlord  
  29  3:20  Overlord, Hatchery  
  28  3:28  Zergling x2  
  29  3:37  Baneling Nest  
  27  4:04  Drone x2  
  29  4:11  Drone x2, Spine Crawler  
  29  4:14  Spine Crawler  
  29  4:21  Baneling x4  
  29  4:23  Drone  
  29  4:24  Drone  
  29  4:35  Drone x3  
  31  4:39  Baneling x2  
  31  4:41  Zergling x4  
  31  4:42  Drone  
  34  4:47  Drone x2  
  34  5:03  Drone x2  
  34  5:04  Drone  
  36  5:17  Drone x2  
  36  5:18  Drone  
  36  5:21  Zergling x6  
  37  5:29  Drone  
  37  5:30  Drone  
  39  5:42  Drone x2  
  41  5:43  Baneling x2  
  41  5:48  Zergling x4  
  41  5:49  Spine Crawler  
  42  5:50  Spine Crawler  
  42  5:53  Lair  
  42  5:54  Extractor  
  42  5:56  Baneling x2  
  40  5:57  Baneling  
  40  5:58  Drone  
  40  6:04  Zergling x2  
  40  6:06  Drone  
  40  6:08  Extractor  
  40  6:10  Baneling  
  40  6:11  Extractor  
  39  6:21  Drone  
  39  6:22  Drone x2  
  39  6:23  Drone  
  43  6:26  Drone  
  43  6:31  Overlord  
  41  6:33  Drone  
  42  6:41  Roach Warren, Overlord  
  40  6:47  Drone  
  40  6:53  Zergling x2  
  42  6:55  Zergling x2  
  42  6:58  Queen  
  42  6:59  Queen  
  47  7:05  Overlord  
  47  7:07  Drone x3  
  50  7:10  Zergling x2  
  50  7:14  Evolution Chamber  
  50  7:16  Evolution Chamber  
  49  7:23  Hatchery  
  49  7:24  Baneling x2  
  48  7:31  Zergling x2  
  48  7:32  Zergling x4  
  51  7:38  Glial Reconstitution  
  51  7:41  Zerg Missile Weapons Level 1  
  51  7:42  Zerg Ground Armor Level 1  
  51  7:52  Baneling x3  
  51  7:59  Drone x2  
  53  8:18  Pneumatized Carapace, Overlord  
  53  8:23  Overlord x2  
  53  8:24  Roach, Hydralisk Den  
  53  8:25  Roach x5  
  64  8:35  Drone  
  65  8:43  Drone  
  65  8:44  Drone x3  
  69  8:49  Drone, Hatchery  
  76  8:55  Grooved Spines  
  69  8:57  Hydralisk x2  
  69  9:01  Spore Crawler  
  72  9:05  Spore Crawler  
  72  9:07  Spore Crawler  
  69  9:17  Hatchery  
  68  9:31  Drone x3  
  68  9:32  Queen  
  72  9:40  Zerg Ground Armor Level 2  
  72  9:41  Zerg Missile Weapons Level 2  
  72  9:44  Lurker Den  
  71  9:45  Muscular Augments  
  71  9:47  Drone  
  71  9:50  Baneling x3  
  72  9:53  Overlord, Ravager x3  
  75  10:08  Roach x2  
  75  10:09  Roach x2  
  83  10:15  Spine Crawler  
  83  10:16  Spine Crawler  
  83  10:17  Spine Crawler  
  80  10:22  Roach x3  
  80  10:23  Roach x2  
  80  10:26  Drone x2  
  92  10:34  Hydralisk  
  92  10:35  Hydralisk x2  
  96  10:41  Lurker x2  
  77  11:22  Drone  
  77  11:23  Drone x5  
  83  11:26  Extractor  
  83  11:28  Extractor  
  83  11:30  Overseer  
  81  11:35  Drone x3  
  81  11:38  Drone  
  81  11:39  Drone x10  
  95  11:40  Drone  
  96  11:49  Lurker x3  
  96  11:53  Hydralisk x12  
  115  11:56  Drone x2  
  115  11:59  Overlord  
  125  12:05  Drone  
  125  12:07  Overlord  
  126  12:14  Spore Crawler  
  125  12:16  Spore Crawler  
  125  12:19  Spore Crawler  
  125  12:21  Drone x3, Extractor, Queen  
  125  12:22  Extractor  
  126  12:23  Drone  
  126  12:24  Drone x3, Spore Crawler  
  126  12:27  Zerg Melee Weapons Level 1  
  129  12:31  Overlord  
  129  12:32  Infestation Pit  
  128  12:38  Drone  
  129  12:45  Queen  
  133  12:54  Drone  
  133  12:55  Drone x3  
  137  13:01  Nydus Network  
  137  13:04  Evolution Chamber  
  135  13:09  Spire  
  135  13:10  Hive, Queen x2  
  136  13:23  Drone  
  137  13:37  Drone x2  
  137  13:38  Drone  
  137  13:39  Drone, Hatchery  
  140  14:11  Lurker x3  
  140  14:13  Roach  
  140  14:14  Roach x2  
  140  14:15  Overlord x3  
  149  14:22  Zerg Missile Weapons Level 3, Zerg Ground Armor Level 3, Zerg Melee Weapons Level 2  
  149  14:25  Greater Spire  
  149  14:26  Overlord  
  149  14:27  Overlord x2  
  149  14:31  Hatchery  
  148  14:37  Drone, Spine Crawler x2  
  148  14:38  Drone x3, Spine Crawler  
  149  14:40  Spine Crawler  
  148  14:53  Overlord  
  148  14:54  Overlord  
  148  15:04  Ultralisk Cavern  
  143  15:35  Spire  
  143  15:37  Lair  
  142  15:45  Nydus Canal  
  142  15:47  Drone  
  143  16:14  Ultralisk x3  
  143  16:15  Ultralisk x6  
  190  16:45  Burrow  
  190  16:54  Zerg Flyer Weapons Level 1  
  190  16:56  Zerg Flyer Armor Level 1  
  182  17:09  Lurker x3  
  185  17:24  Extractor  
  184  17:33  Queen  
  186  17:37  Hydralisk  
  186  17:38  Hydralisk x6  
  200  18:07  Hatchery  
  200  18:09  Extractor x2  
  200  18:12  Extractor  
  168  19:24  Hydralisk x8  
  162  19:25  Hydralisk x11  
  162  19:44  Ultralisk x5  
  162  19:45  Ultralisk x5  
  196  19:56  Ultralisk  
  178  20:17  Adaptive Talons  
  178  20:18  Chitinous Plating  
  178  20:41  Hatchery  
  177  20:50  Extractor  
  114  21:08  Hydralisk x16  
  114  21:09  Hydralisk x2  
  144  21:14  Seismic Spines  
  144  21:37  Anabolic Synthesis  
  127  21:46  Hydralisk  
  102  21:47  Hydralisk x8  
  102  21:50  Overseer  
  120  22:01  Drone  
  119  22:11  Extractor  
  96  22:27  Drone  
  96  22:28  Drone x2  
  99  22:37  Hatchery  
  99  22:39  Hydralisk  
  99  22:40  Hydralisk x8  
  99  22:41  Overlord  
  99  22:42  Queen x2  
  111  23:13  Hydralisk x3  
  111  23:14  Hydralisk x6  
  77  23:35  Drone x3  
  82  23:43  Lurker x3  
  82  23:44  Lurker x5  
  82  23:46  Drone x3  
  93  23:50  Drone  
  74  24:33  Hydralisk x3  
  74  24:34  Hydralisk x3  
  71  24:50  Zergling x6  
  52  25:04  Zergling x6  
  52  25:05  Zergling x40  
  73  25:12  Drone  
  73  25:13  Drone x2  
  47  25:43  Hydralisk x3  
  47  25:44  Hydralisk x4  
  52  26:14  Lurker x2  
  54  26:25  Lurker x2  
  56  26:44  Drone x3  
  59  27:09  Drone x24  
  56  28:01  Hydralisk  
  56  28:02  Hydralisk x3  
  56  28:04  Drone x3  
  56  28:05  Drone x4  
  71  28:17  Hatchery  
  70  28:29  Zergling x10  
  70  28:30  Zergling x12  
  70  28:31  Zergling x10  
  70  28:32  Zergling x2  
  74  29:43  Lurker x4  
  74  29:44  Lurker  
  78  29:45  Zergling x2  
  78  29:46  Zergling x32  
  78  29:47  Zergling x2  
  90  30:47  Hydralisk x3  
  90  30:48  Hydralisk x4  
  101  31:17  Baneling  
  101  31:18  Baneling x2  
  100  31:19  Zergling x10  
  100  31:23  Spine Crawler x2  
  103  31:26  Spore Crawler  
  103  31:27  Spore Crawler  
  103  31:30  Spore Crawler  
  103  31:32  Spore Crawler  
  99  31:35  Spore Crawler  
  99  31:36  Spine Crawler  
  99  31:37  Spore Crawler  
  79  32:54  Hydralisk x7  
  79  32:55  Hydralisk x4  
  97  33:15  Hatchery  
  96  33:25  Lurker  
  96  33:26  Lurker  
  98  34:03  Extractor  
  98  34:04  Extractor  
  96  34:15  Drone x7  
  103  34:33  Zergling x8  
  107  34:43  Drone x2  
  109  34:46  Zergling x2  
  110  34:53  Zergling x4  
  110  34:57  Zergling x6  
  115  35:02  Drone x2  
  115  35:06  Baneling x3  
  117  35:10  Zergling x2  
  118  35:27  Zergling x4  
  120  35:32  Lurker x3  
  120  35:33  Overlord x2  
  91  36:34  Mutalisk x9  
  87  36:45  Zergling x24  
  90  37:02  Mutalisk x2  
  85  37:10  Zergling x2  
  85  37:11  Zergling x6  
  82  37:31  Mutalisk x2  
  37  38:45  Zergling x2  
  37  38:46  Zergling x2  
  39  38:55  Zergling x2  
  29  40:16  Hatchery  
  20  41:59  Drone  
  17  42:49  Drone  
  18  43:24  Drone  
Tags
 
Composition
Lurkers
Matchup
ZvZ
Race
Zerg
Spawn Locations
Cross Positions
Add a new tag
Caveats
  • Supply blocks, unpowered buildings, or Contaminate may cause inaccurate times.
  • Supply counts are checked every 10 seconds.